 Dungeon Crawl Stone Soup version 0.17-a0-1447-g3d113ad (console) character file.

109 lauthentik the Sneak (level 4, 0/33 HPs)
             Began as a Vampire Assassin on June 29, 2015.
             Succumbed to an adder's poison
             ... on level 3 of the Dungeon.
             The game lasted 00:07:53 (2035 turns).

lauthentik the Sneak (Vampire Assassin)             Turns: 2035, Time: 00:07:54

Health: 0/33       AC:  3    Str: 10    XL:     4   Next: 60%
Magic:  4/4        EV: 13    Int: 13    God:
Gold:   173        SH:  0    Dex: 16    Spells: 0 memorised, 3 levels left

rFire  . . .     SeeInvis +     a - +2 dagger
rCold  + + .     Clarity  .     c - +0 robe
rNeg   + + +     SustAt   .     (no shield)
rPois  +         Gourm    .     (no helmet)
rElec  .         Spirit   .     r - +0 cloak
rCorr  .         Warding  .     (no gloves)
rMut   .         Stasis   .     (no boots)
MR     .....                    (no amulet)
Stlth  +++++.....               (no ring)
                                p - ring of flight

@: lethally poisoned (0 -> -6), regenerating slowly, not resistant to hostile
enchantments, quite stealthy
A: fangs 3, see invisible, unbreathing
a: Bat Form, Evoke Flight


You were on level 3 of the Dungeon.
You were near bloodless.

You visited 1 branch of the dungeon, and saw 3 of its levels.

You collected 173 gold pieces.

Inventory:

Hand weapons
 a - a +2 dagger (weapon)
 b - a +0 blowgun
Missiles
 e - 42 poisoned needles
 f - 2 curare-tipped needles
Armour
 c - a +0 robe (worn)
 d - a +0 cloak
 r - a +0 cloak (worn)
Jewellery
 p - a ring of flight (left hand)
Scrolls
 h - a scroll of amnesia {unknown}
 i - a scroll of enchant weapon {unknown}
 j - a scroll of enchant armour {unknown}
 l - 3 scrolls of identify {unknown}
 m - 2 scrolls of remove curse {unknown}
 o - a scroll of fog {unknown}
Potions
 g - 3 potions of blood
 k - a potion of invisibility {unknown}
 n - a potion of agility {unknown}


   Skills:
 + Level 2.0 Fighting
 + Level 2.6 Short Blades
 + Level 2.0 Throwing
 + Level 2.4 Dodging
 + Level 7.7 Stealth


You had 3 spell levels left.
You didn't know any spells.

Dungeon Overview and Level Annotations

Branches:
Dungeon (3/15)

Altars:
Gozag

Annotations:
D:3 Kaziganthi's ghost, weakling DEWz


Innate Abilities, Weirdness & Mutations

You heal slowly.
You have razor-sharp teeth.
You have supernaturally acute eyesight.
You can survive without breathing.


Message History

The adder bites you.
* * * LOW HITPOINT WARNING * * *
You are poisoned.
The adder poisons you!
Kaziganthi's ghost mumbles some strange words.
Kaziganthi's ghost blinks!
The jackal closely misses you.
You closely miss the adder. Your bite misses the adder.
The adder is lightly wounded.
The adder misses you.
The jackal bites you but does no damage.
Kaziganthi's ghost casts a spell at you.
The magic dart hits you!
* * * LOW HITPOINT WARNING * * *
You hit the adder but do no damage. You bite the adder, but do no damage.
The adder is lightly wounded.
The jackal closely misses you. The adder bites you.
* * * LOW HITPOINT WARNING * * *
You closely miss the adder. You bite the adder.
The adder is moderately wounded.
You die...

#. .### ...# .. ##
###... ....###. .....
....'W.. ####)!.##
..... #. #....hSh#
... #. #@# ... #. .
#W# ... #. ##. #.#
#'# #. #.. #.# #.# #.
# #.# #.# #.# #.
#.#.# #.# ##W## #.
#.#.###.# ##...## ##
#.......# #....)### #
###.##########......#
#


You could see Kaziganthi's ghost, an adder and 2 jackals.

Vanquished Creatures
  2 adders (D:2)
  4 gnolls (D:3)
  2 oozes (D:2)
  A worm (D:2)
  5 bats
  2 giant cockroaches
  3 hobgoblins
  8 jackals
  A ball python (D:3)
  A giant gecko (D:1)
  6 giant newts (D:1)
  4 goblins
  6 kobolds
  A rat (D:2)
46 creatures vanquished.

Notes
Turn   | Place    | Note
--------------------------------------------------------------
     0 | D:1      | lauthentik the Vampire Assassin began the quest for the Orb.
     0 | D:1      | Reached XP level 1. HP: 16/16 MP: 1/1
    22 | D:1      | Reached skill level 6 in Stealth
    40 | D:1      | Reached XP level 2. HP: 19/22 MP: 2/2
   553 | D:2      | Reached XP level 3. HP: 25/27 MP: 3/3
   870 | D:2      | Found an opulent altar of Gozag.
   974 | D:2      | Reached skill level 7 in Stealth
  1345 | D:3      | Reached XP level 4. HP: 6/33 MP: 4/4
  1961 | D:3      | Noticed Kaziganthi's ghost (weakling DEWz)
  2034 | D:3      | HP: 1/33 [adder (4)]
  2035 | D:3      | Succumbed to an adder's poison

Vault maps used:
D:1:      zelgadis_glass_arrival_small, serial_park_tiny_2, minmay_newt_pond
D:2:      wad_lake_hut, grunt_gozag_statues
D:3:      uniq_jessica

Action                   |  1- 3 |  4- 6 || total
-------------------------+-------+-------++-------
Melee: Dagger            |   105 |    10 ||   115
 Fire: Blowgun           |     7 |    13 ||    20
 Abil: End Transformatio |     1 |       ||     1
       Bat Form          |     1 |       ||     1
  Use: Potion            |       |     1 ||     1
 Stab: Sleeping          |     8 |       ||     8
